 Dungeon Crawl Stone Soup version 0.27-a0-1359-ga2a4dfd6fd (webtiles) character file.

Game seed: 749245183547295554

545600 freelancePsychic the Sensei (level 25, -23/262 HPs)
             Began as a Demonspawn Fire Elementalist on June 28, 2021.
             Was an Elder of Sif Muna.
             Annihilated by a reaper (33 damage)
             ... in the Vestibule of Hell on June 29, 2021.
             The game lasted 02:42:21 (62161 turns).

freelancePsychic the Sensei (DsFE)                 Turns: 62161, Time: 02:42:23

Health: -23/262    AC: 32    Str: 13    XL:     25   Next: 39%
Magic:  26/30      EV: 18    Int: 28    God:    Sif Muna [****..]
Gold:   5767       SH: 29    Dex: 16    Spells: 15/38 levels left

rFire    + + +     SeeInvis .     - Unarmed
rCold    + + .     Faith    .   o - +8 tower shield
rNeg     + + +     Spirit   .   (armour currently unavailable)
rPois    ∞         Reflect  .   m - +0 helmet
rElec    +         Harm     .   H - +2 cloak of the Forest {rN+ Regen+}
rCorr    +         Rampage  .   (gloves unavailable)
Will     ++...                  (boots currently unavailable)
Stlth    ++........             A - macabre finger necklace {rN+}
HPRegen  1.53/turn              K - ring "Kecuohom" {rPois rF++ rC+ Will- rCorr}
MPRegen  0.22/turn              s - ring "Ciqusist" {Fly rElec Will+ Int+6 Slay+4}
                                C - ring of Spontaneous Combustion {rF+ rC+}

@: statue-form, flying, studying 3 skills, very slow
A: slow and powerful, torment resistance 1, boosted hp, claws 3, thin metallic
scales 3, demonic guardian 3, hurl damnation, ignite blood 2, torment resistance
1, demonic willpower, low mp 1
}: 2/15 runes: barnacled, gossamer
a: Hurl Damnation, End Transformation, Renounce Religion, Channel Magic, Forget
Spell, Divine Exegesis


You were in the Vestibule of Hell.
You worshipped Sif Muna.
Sif Muna was greatly pleased with you.
You were a living statue of rough stone.
You visited 10 branches of the dungeon, and saw 45 of its levels.
You visited 2 bazaars.
You also visited: Ice Cave and Volcano.

You collected 7602 gold pieces.
You spent 1835 gold pieces at shops.

Inventory:

Missiles
 a - 10 atropa-tipped darts
 L - 12 throwing nets
Armour
 c - a +2 robe of the Archmagi (melded)
 m - a +0 helmet (worn)
 o - a +8 tower shield (worn)
 H - the +2 cloak of the Forest (worn) {rN+ Regen+}
   (You found it on level 10 of the Dungeon)

   rN:        It protects you from negative energy.
   Regen:     It increases your rate of health regeneration.
 X - +0 shadow dragon scales
Jewellery
 d - a ring of fire
 s - the ring "Ciqusist" (right claw) {Fly rElec Will+ Int+6 Slay+4}
   (You found it on level 4 of the Dungeon)

   [ring of intelligence]

   Int:       It affects your intelligence (+6).
   Slay:      It affects your accuracy & damage with ranged weapons and melee
   (+4).
   rElec:     It insulates you from electricity.
   Fly:       It grants you flight.
   Will:      It increases your willpower.
 t - the ring of Foaklian {rC+ Int+5 Dex+3}
   (You found it in an ice cave)

   [ring of protection from cold]

   Int:       It affects your intelligence (+5).
   Dex:       It affects your dexterity (+3).
   rC:        It protects you from cold.
 A - the macabre finger necklace (around neck) {rN+}
   (You took it off a deep elf annihilator on level 3 of the Elven Halls)

   [amulet of nothing]

   It enables you to equip an extra ring.rN: It protects you from negative
   energy.
 C - the ring of Spontaneous Combustion (on amulet) {rF+ rC+}
   (You found it on level 3 of the Elven Halls)

   [ring of protection from fire]

   rF:        It protects you from fire.
   rC:        It protects you from cold.
 K - the ring "Kecuohom" (left claw) {rPois rF++ rC+ Will- rCorr}
   (You found it in an ice cave)

   [ring of protection from cold]

   rF:        It greatly protects you from fire.
   rC:        It protects you from cold.
   rPois:     It protects you from poison.
   rCorr:     It protects you from acid and corrosion.
   Will:      It decreases your willpower.
 M - the ring "Etunluuph" {Will+ rCorr Str+4 Stlth+}
   (You acquired it on level 11 of the Dungeon)

   [ring of resist corrosion]

   Str:       It affects your strength (+4).
   rCorr:     It protects you from acid and corrosion.
   Will:      It increases your willpower.
   Stlth:     It makes you more stealthy.
 T - the amulet "Ykiliuc" {Reflect +Inv Dex+2 SH+5 SInv}
   (You found it in an ice cave)

   [amulet of reflection]

   It reflects blocked missile attacks.Dex: It affects your dexterity (+2).
   SInv:      It lets you see invisible.
   +Inv:      It lets you turn invisible.
   SH:        It affects your SH (+5).
 V - an amulet of magic regeneration
Wands
 x - a wand of acid (43)
 z - a wand of polymorph (47)
 E - a wand of paralysis (58)
 F - a wand of flame (154)
 N - a wand of iceblast (58)
 P - a wand of charming (33)
 Q - a wand of mindburst (26)
 Z - a wand of digging (9)
Scrolls
 e - 18 scrolls of enchant weapon
 f - a scroll of brand weapon {unknown}
 k - 7 scrolls of magic mapping
 q - 13 scrolls of teleportation {@r4}
 u - 7 scrolls of torment
 B - 3 scrolls of fear
 D - 12 scrolls of amnesia
 G - 10 scrolls of immolation
 I - 4 scrolls of vulnerability
 J - 8 scrolls of fog
 S - 2 scrolls of holy word
 U - a scroll of silence
 W - 21 scrolls of identify {@r1}
Potions
 b - a potion of cancellation
 g - 17 potions of curing {@q1}
 h - 11 potions of magic
 i - 8 potions of resistance
 j - 9 potions of mutation
 l - 5 potions of might
 n - 11 potions of attraction
 p - 7 potions of ambrosia
 r - 9 potions of lignification
 v - 5 potions of heal wounds {@q2}
 w - 10 potions of brilliance
 y - 4 potions of berserk rage
 R - 7 potions of haste {@q3}
 Y - 7 potions of invisibility


   Skills:
 - Level 17.4 Fighting
 + Level 12.9 Dodging
 - Level 1.7 Stealth
 + Level 19.2 Shields
 - Level 22.2 Unarmed Combat
 - Level 7.2 Spellcasting
 - Level 5.0 Conjurations
 - Level 12.5 Transmutations
 - Level 5.3 Fire Magic
 - Level 11.8 Earth Magic
 - Level 6.0 Poison Magic
 - Level 15.2 Invocations


You had 15 spell levels left.
You knew the following spells:

 Your Spells              Type           Power      Damage    Failure   Level
a - Statue Form           Tmut/Erth      44%        N/A       12%         6
b - Wereblood             Tmut           69%        N/A       1%          2
c - Ignite Poison         Fire/Tmut/Pois 53%        N/A       1%          3
d - Olgreb's Toxic Radia  Pois           43%        N/A       10%         4
e - Mephitic Cloud        Conj/Pois/Air  30%        N/A       8%          3
f - Foxfire               Conj/Fire      100%       2x1d9     1%          1
g - Sticky Flame          Conj/Fire      39%        2d6       14%         4

Your spell library contained the following spells:

 Spells                   Type           Power      Damage    Failure   Level
 Beastly Appendage        Tmut           100%       N/A       1%          1
 Magic Dart               Conj           100%       1d8       1%          1
 Sandblast                Erth           100%       2d20      1%          1
 Sting                    Tmut/Pois      100%       1d8       1%          1
 Passwall                 Tmut/Erth      55%        N/A       1%          2
 Spider Form              Tmut/Pois      29%        N/A       1%          3
 Stone Arrow              Conj/Erth      100%       3d13      1%          3
 Petrify                  Tmut/Erth      67%        N/A       1%          4
 Blade Hands              Tmut           34%        N/A       1%          5
 Searing Ray              Conj           76%        3d6       2%          2
 Lee's Rapid Deconstruct  Erth           33%        3d18*     2%          5
 Shock                    Conj/Air       96%        1d9       4%          1
 Poisonous Vapours        Pois/Air       52%        N/A       4%          2
 Conjure Flame            Conj/Fire      39%        6-21      4%          3
 Static Discharge         Conj/Air       24%        N/A       6%          2
 Alistair's Intoxication  Tmut/Pois      38%        N/A       7%          5
 Ice Form                 Ice/Tmut       45%        N/A       9%          4
 Irradiate                Conj/Tmut      28%        3d22      9%          5
 Animate Armour           Summ/Erth      86%        N/A       10%         4
 Leda's Liquefaction      Hex/Erth       21%        N/A       10%         4
 Animate Skeleton         Necr           20%        N/A       12%         1
 Apportation              Tloc           20%        N/A       12%         1
 Corona                   Hex            11%        N/A       12%         1
 Freeze                   Ice            40%        1d6       12%         1
 Pain                     Necr           40%        1d6       12%         1
 Summon Small Mammal      Summ           40%        N/A       12%         1
 Dazzling Flash           Conj/Hex       48%        N/A       12%         3
 Inner Flame              Hex/Fire       24%        N/A       12%         3
 Bolt of Magma            Conj/Fire/Erth 25%        4d12      16%         5
 Blink                    Tloc           N/A        N/A       17%         2
 Call Imp                 Summ           10%        N/A       17%         2
 Corpse Rot               Necr/Air       N/A        N/A       17%         2
 Ensorcelled Hibernation  Hex/Ice        20%        N/A       17%         2
 Slow                     Hex            10%        N/A       17%         2
 Sublimation of Blood     Necr           5%         N/A       17%         2
 Yara's Violent Unravell  Hex/Tmut       22%        3d10      24%         5
 Borgnjor's Vile Clutch   Necr/Erth      21%        N/A       28%         5
 Call Canine Familiar     Summ           10%        N/A       34%         3
 Confusing Touch          Hex            10%        N/A       34%         3
 Frozen Ramparts          Ice            20%        1d4       34%         3
 Gell's Gravitas          Tloc           5%         N/A       34%         3
 Lesser Beckoning         Tloc           5%         N/A       34%         3
 Ozocubu's Armour         Ice            10%        N/A       34%         3
 Portal Projectile        Hex/Tloc       20%        N/A       34%         3
 Summon Guardian Golem    Hex/Summ       10%        N/A       34%         3
 Swiftness                Air            10%        N/A       34%         3
 Teleport Other           Tloc           10%        N/A       34%         3
 Tukima's Dance           Hex            10%        N/A       34%         3
 Vampiric Draining        Necr           5%         2d6       34%         3
 Fireball                 Conj/Fire      19%        3d9       36%         5
 Eringya's Noxious Bog    Tmut/Pois      29%        N/A       36%         6
 Fulminant Prism          Conj/Hex       12%        3d9       38%         4
 Hailstorm                Conj/Ice       24%        3d7       38%         4
 Iskenderun's Mystic Bla  Conj/Tloc      24%        2d7       38%         4
 Iskenderun's Battlesphe  Conj           38%        2d9       38%         5
 Iron Shot                Conj/Erth      27%        9d6       50%         6
 Dragon Form              Tmut           34%        N/A       50%         7
 Airstrike                Air            5%         N/A       75%         4
 Animate Dead             Necr           5%         N/A       75%         4
 Cause Fear               Hex            5%         N/A       75%         4
 Dispel Undead            Necr           10%        3d9       75%         4
 Passage of Golubria      Tloc           N/A        N/A       75%         4
 Summon Ice Beast         Ice/Summ       10%        N/A       75%         4
 Summon Lightning Spire   Summ/Air       10%        N/A       75%         4
 Lightning Bolt           Conj/Air       12%        1d25      75%         5
 Freezing Cloud           Conj/Ice/Air   9%         6-21      85%         5
 Starburst                Conj/Fire      19%        8x6d7     91%         6
 Agony                    Necr           10%        N/A       97%         5
 Excruciating Wounds      Necr           5%         N/A       97%         5
 Manifold Assault         Tloc           10%        N/A       97%         5
 Metabolic Englaciation   Hex/Ice        5%         N/A       97%         5
 Silence                  Hex/Air        5%         N/A       97%         5
 Summon Forest            Summ/Tloc      5%         N/A       97%         5
 Summon Mana Viper        Hex/Summ       10%        N/A       97%         5
 Conjure Ball Lightning   Conj/Air       12%        3x3d6     99%         6
 Dispersal                Tloc           5%         N/A       100%        6
 Invisibility             Hex            5%         N/A       100%        6
 Shadow Creatures         Summ           N/A        N/A       100%        6
 Simulacrum               Ice/Necr       5%         N/A       100%        6
 Haunt                    Necr/Summ      5%         N/A       100%        7
 Malign Gateway           Summ/Tloc      5%         N/A       100%        7
 Monstrous Menagerie      Summ           5%         N/A       100%        7
 Orb of Destruction       Conj           19%        9d8       100%        7
 Ozocubu's Refrigeration  Ice            5%         4d6       100%        7
 Spellforged Servitor     Conj/Summ      12%        N/A       100%        7
 Storm Form               Tmut/Air       22%        N/A       100%        7
 Borgnjor's Revivificati  Necr           5%         N/A       100%        8
 Discord                  Hex            5%         N/A       100%        8
 Disjunction              Tloc           5%         N/A       100%        8
 Ignition                 Fire           19%        3d7       100%        8
 Infestation              Necr           5%         N/A       100%        8
 Lehudib's Crystal Spear  Conj/Erth      27%        10d7      100%        8
 Necromutation            Tmut/Necr      22%        N/A       100%        8
 Summon Horrible Things   Summ           5%         N/A       100%        8
 Chain Lightning          Conj/Air       12%        3d16      100%        9
 Death's Door             Necr           5%         N/A       100%        9
 Dragon's Call            Summ           5%         N/A       100%        9
 Fire Storm               Conj/Fire      19%        8d5       100%        9
 Polar Vortex             Ice            5%         N/A       100%        9
 Shatter                  Erth           33%        3d27*     100%        9


Dungeon Overview and Level Annotations

Branches:
Dungeon (15/15)            Temple (1/1) D:7            Lair (6/6) D:10
 Shoals (4/4) Lair:2       Spider (4/4) Lair:2        Slime (0/5) Lair:5
    Orc (2/2) D:12            Elf (3/3) Orc:2        Vaults (4/5) D:13
  Crypt (0/3) Vaults:3     Depths (5/5) D:15           Hell (1/1)
    Zot (0/5) Depths:5      IceCv (visited)         Volcano (visited)
    Dis: Hell:1         Geh: Hell:1         Coc: Hell:1         Tar: Hell:1

Altars:
Ashenzari
Cheibriados
Dithmenos
Elyvilon
Fedhas
Gozag
Hepliaklqana
Kikubaaqudgha
Makhleb
Nemelex Xobeh
Okawaru
Qazlal
Ru
Sif Muna
Trog
Uskayaw
Vehumet
Wu Jian
Xom
Yredelemnul
Zin
The Shining One
Beogh

Shops:
D:4 *   D:10 *   D:11 *[   D:13 :   Orc:1 *   Orc:2 =?=:   Elf:1 =?[(
Shoals:1 =   Shoals:3 *   Vaults:2 :?*   Vaults:4 [   Depths:1 [*

Portals:
Hell: Depths:1 Depths:2 Depths:3 Depths:4 Depths:5
Abyss: Depths:4
Pandemonium: Depths:3 Depths:4
Ziggurat: Depths:1
Trove: Vaults:3 (give +2 shadow dragon scales)

Annotations:
D:3 1 runed translucent door, Crazy Yiuf
D:14 Roxanne
Depths:5 3 runed translucent doors, Caupobu's ghost, adept DDFi
Hell Geryon


Innate Abilities, Weirdness & Mutations

You are a living statue of rough stone.
Your actions are slow, but your melee attacks are powerful.
You are resistant to unholy torment.
Your maximum health is greatly increased.
You are immune to poison.
Your equipment is partially melded.
You have claws for hands.
(You are completely covered in thin metallic scales. (AC +4, rElec))
A powerful demonic guardian rushes to your aid.
You can hurl damnation.
Your demonic aura often causes spilled blood to erupt in flames.
You are resistant to unholy torment.
You punish those that try to bend your will. (Will+)
Your magical capacity is low. (-10% MP)


Message History

* * * LOW HITPOINT WARNING * * *
Something bites you but does no damage.
The reaper hits you from afar with a +4 vorpal scythe.
* * * LOW HITPOINT WARNING * * *
x2 The reaper hits you with a +1 scythe of protection.
* * * LOW HITPOINT WARNING * * *
The ancient champion hits you with a +1 great mace of draining!
* * * LOW HITPOINT WARNING * * *
Geryon winds a great silver horn.
You block the hell hog's attack. The hell hog barely misses you. x2
The hell knight hits you but does no damage.
Your lorocyproca hits the anaconda zombie!
The anaconda zombie bites you but does no damage.
The anaconda zombie constricts you. The reaper closely misses you.
You hear some strange, mumbled words.
The reaper smiles without lips.
The reaper misses you. The reaper completely misses you.
Geryon tail-slaps you but does no damage.
The hell hog misses you. The ancient champion barely misses you.
The hell hog closely misses you.
You feel much better. You block the hell hog's attack.
You block the anaconda zombie's attack.
* * * LOW HITPOINT WARNING * * *
The anaconda zombie constricts you. Something hits you but does no damage.
Something bites you.
* * * LOW HITPOINT WARNING * * *
The ancient champion hits you with a +1 great mace of draining!
* * * LOW HITPOINT WARNING * * *
The hell hog bites you.
* * * LOW HITPOINT WARNING * * *
The hell knight hits you from afar with a +1 demon trident.
* * * LOW HITPOINT WARNING * * *
The hell hog closely misses you.
Your lorocyproca hits the anaconda zombie!!
The anaconda zombie is destroyed!
Sif Muna accepts your kill.
The hell hog bites you but does no damage.
The reaper hits you but does no damage. The reaper closely misses you.
The reaper hits you with a +1 scythe of protection!!
You die...

...............
................
................
................
....#.....#.....
...2......Z.....
......p.22..........wZ
......{[..).........w*
#...2h8hp.[.#......./
.....2hz2D............
.....&2z2h...........≈
......z2p............≈
....#.....#..........≈
......................
......................
......................
.................


You could see Geryon, a shadow dragon (catching breath), 2 hell beasts, 5
reapers, 3 ancient champions, a blizzard demon, 3 hell knights, 4 hell hogs, a
snapping turtle zombie and a friendly lorocyproca (summoned, invisible).

Vanquished Creatures
  Frederick (Vaults:3)
  5 caustic shrikes (Depths:3)
  8 golden dragons
  2 liches
  Asterion (Depths:3)
  3 deep elf blademasters
  2 deep elf master archers (Elf:3)
  3 quicksilver dragons (Depths:5)
  3 tentacled monstrosities
  2 titans
  2 krakens (Shoals:3)
  An ancient champion (Depths:5)
  2 thorn hunters (Depths:2)
  4 sphinxes
  A tengu reaver (Depths:2)
  Kirke (Elf:1)
  3 azure jellies (IceCv)
  6 draconian monks (Depths:5)
  3 nagarajas (Depths:4)
  Ilsuiw (Shoals:2)
  3 storm dragons (Depths:5)
  7 shadow dragons
  A rockslime (IceCv)
  Aizul (Shoals:1)
  5 fire giants
  3 deep elf sorcerers (Elf:3)
  4 ghost moths
  A draconian scorcher (Depths:5)
  11 vault wardens
  8 frost giants
  4 orc warlords
  2 iron dragons
  Louise (Elf:1)
  A deep elf elementalist (Elf:3)
  5 emperor scorpions
  A balrug (Hell)
  2 juggernaut zombies
  18 ironbound preservers
  4 quicksilver oozes (IceCv)
  3 draconian annihilators (Depths:5)
  8 stone giants
  A ghoul (Depths:4)
  A spriggan defender (Depths:3)
  A reaper (Depths:5)
  20 very ugly things
  Nessos (Orc:2)
  11 vampire knights
  7 dire elephants
  5 entropy weavers
  2 green draconians (Depths:5)
  5 black draconians
  7 deep elf demonologists (Elf:3)
  4 deep elf annihilators
  5 purple draconians
  5 white draconians (Depths:5)
  4 red draconians (Depths:5)
  15 spark wasps
  A minotaur (Depths:4)
  A crystal guardian (Vaults:3)
  12 deep elf death magi
  2 blizzard demons
  4 merfolk javelineers
  3 deep elf high priests (Elf:3)
  Josephine (Orc:2)
  Snorg (Orc:2)
  7 yaktaur captains
  8 fire dragons
  11 ettins
  14 merfolk impalers
  7 ironbound thunderhulks
  6 boulder beetles
  11 vault guards
  Fannar (D:10)
  7 rakshasas
  8 ice dragons
  14 hydras
  A peacekeeper (Vaults:3)
  A merfolk avatar (Shoals:4)
  2 spriggan air magi (Depths:3)
  5 catoblepae
  7 great orbs of eyes
  An ogre mage (D:15)
  A death knight (Depths:5)
  11 two-headed ogres
  19 centaur warriors
  2 satyrs (Shoals:4)
  10 ironbound frosthearts
  26 dancing weapons
  4 tengu warriors
  Urug (Lair:6)
  5 merfolk aquamancers (Shoals:4)
  A titan zombie (Depths:3)
  12 death yaks
  5 deep troll shamans
  6 ironbound beastmasters
  5 deep troll earth magi
  6 vampire magi
  18 hell knights
  4 spriggan berserkers
  8 hell hogs
  8 orc high priests
  A storm dragon zombie (Hell)
  6 soul eaters
  2 titan skeletons (Depths:3)
  17 deep elf knights
  A death drake (shapeshifter) (Depths:3)
  5 sun demons
  2 salamander mystics (Depths:4)
  7 sea snakes
  3 flayed ghosts
  2 death drakes (Depths:5)
  3 glowing orange brains
  16 skeletal warriors
  An anaconda zombie (Hell)
  A gelid demonspawn (Depths:4)
  15 deep elf archers
  69 deep trolls
  5 iron trolls
  18 wizards
  4 spectral wolf spiders (Spider:2)
  31 harpies
  4 orc knights
  5 phantasmal warriors
  6 lindwurms
  15 ironbound convokers
  13 necromancers
  A frost giant zombie (Depths:1)
  4 wolf spider zombies (Spider:2)
  30 deep elf pyromancers
  39 wolf spiders
  15 manticores
  23 orb spiders
  15 deep elf zephyrmancers
  12 cyclopes
  A sphinx skeleton (Depths:3)
  51 ugly things
  10 fauns
  3 elephants (Lair:5)
  3 rust devils (Depths:5)
  7 water nymphs
  9 merfolk sirens
  5 torpor snails
  3 smoke demons
  13 vault sentinels
  2 ice statues (IceCv)
  Maurice (Orc:2)
  7 black mambas
  A cane toad (shapeshifter) (Elf:3)
  6 molten gargoyles
  2 moths of wrath (Spider:4)
  4 gargoyles
  A storm dragon simulacrum (Depths:1)
  An emperor scorpion zombie (Hell)
  An orange demon (Depths:4)
  A hellion (Depths:5)
  11 cane toads
  A rime drake (Lair:3)
  11 yaktaurs
  Psyche (D:11)
  3 freezing wraiths (Depths:5)
  A kobold demonologist (D:9)
  2 efreet (Volcano)
  A spark wasp simulacrum (Depths:1)
  8 komodo dragons
  A tormentor (Hell)
  A guardian mummy (D:15)
  A hellwing (Depths:4)
  17 demonic crawlers
  3 entropy weaver simulacra (IceCv)
  An elf skeleton (Depths:5)
  4 meliai
  A red devil (Hell)
  7 trolls
  2 wolf spider simulacra (Spider:2)
  37 merfolk
  A shadow dragon simulacrum (Hell)
  2 polar bears (Lair:6)
  A hydra zombie (Hell)
  36 jumping spiders
  41 slime creatures
  7 wind drakes
  21 blink frogs
  An ettin zombie (D:15)
  19 hornets
  An ice dragon zombie (D:15)
  A fire dragon zombie (Depths:1)
  9 dream sheep
  8 snapping turtles
  2 flying skulls (Vaults:3)
  4 wraiths
  Sigmund (D:3)
  35 tarantellas
  72 redbacks
  A redback (shapeshifter) (Vaults:4)
  A spriggan skeleton (D:15)
  An ice dragon skeleton (D:15)
  24 water elementals
  2 vampires
  6 air elementals
  Eustachio (D:5)
  91 yaks
  8 wyverns
  8 fire elementals
  3 hogs (Elf:1)
  Grum (D:10)
  2 basilisks
  18 humans (D:13)
  4 vampire mosquitoes (D:15)
  A basilisk (shapeshifter) (Depths:5)
  8 wargs
  5 steam dragons
  A neqoxec (Depths:4)
  Menkaure (D:5)
  2 demonic crawler simulacra (IceCv)
  2 acid dragons
  11 water moccasins
  A floating eye (Depths:5)
  6 black bears
  26 orc warriors
  A hornet zombie (D:8)
  A swamp drake (D:12)
  3 necrophages
  3 ugly thing simulacra (IceCv)
  21 centaurs
  9 ogres
  4 boggarts (Vaults:1)
  12 wolves
  5 kobold brigands
  10 bullfrogs
  3 glowing shapeshifter simulacra (IceCv)
  A gnoll sergeant (D:10)
  13 earth elementals
  3 scorpions
  3 killer bees (D:7)
  5 wights
  8 howler monkeys
  5 electric eels
  A crimson imp (D:9)
  5 centaur zombies
  42 orc priests
  A jelly (D:6)
  A centaur skeleton (D:6)
  2 gnoll shamans
  Jessica (D:3)
  Terence (D:3)
  3 bullfrog skeletons
  A human skeleton (Hell)
  An iguana (D:6)
  34 orc wizards
  6 hell rats (Lair:6)
  A hound zombie (D:5)
  2 hound skeletons
  20 gnolls
  2 howler monkey skeletons
  18 river rats
  10 adders
  2 white imps
  An ufetubus (D:4)
  2 adder skeletons (D:4)
  4 worms
  8 dart slugs
  112 orcs
  11 endoplasms
  4 giant cockroaches
  7 goblins
  10 hobgoblins
  12 jackals
  8 quokkas
  8 ball pythons
  7 bats
  10 frilled lizards
  18 kobolds
  A kobold zombie (Hell)
  21 rats
  5 fire vortices
  5 tentacles (Shoals:3)
2181 creatures vanquished.

Vanquished Creatures (collateral kills)
  An ancient lich (Depths:5)
  Saint Roka (Vaults:1)
  A lich (Depths:5)
  A storm dragon (Depths:5)
  A very ugly thing (Depths:5)
  A stone giant (Depths:1)
  2 green draconians (Depths:5)
  A black draconian (Depths:5)
  A white draconian (Depths:5)
  A purple draconian (Depths:5)
  A merfolk javelineer (Shoals:4)
  A fire dragon (Depths:5)
  An ice dragon (Hell)
  A vault guard (Vaults:4)
  A hell knight (Hell)
  A shadow wraith (Depths:5)
  An iron troll (Depths:4)
  An anaconda zombie (Hell)
  A skeletal warrior (Depths:5)
  A golden dragon zombie (Depths:5)
  A deep troll (Vaults:1)
  3 orc knights (Vaults:2)
  3 orb spiders (Spider:3)
  A lindwurm (Volcano)
  A deep elf pyromancer (D:15)
  A harpy (Shoals:1)
  A wolf spider (Spider:3)
  2 manticores
  A merfolk siren (Shoals:2)
  A moth of wrath (Spider:3)
  2 yaktaurs (Vaults:2)
  2 cane toads
  A very ugly thing simulacrum (IceCv)
  A red devil (Hell)
  2 jumping spiders (Spider:3)
  3 slime creatures (IceCv)
  A vampire (D:9)
  A wraith (D:7)
  3 yaks
  3 tarantellas (Spider:3)
  2 centaurs
  A bullfrog (Lair:2)
  An orc priest (Vaults:1)
  A killer bee zombie (D:9)
  A gnoll (D:2)
  2 orcs
  A tentacle (Shoals:3)
64 creatures vanquished.

Vanquished Creatures (others)
  A fire giant (Depths:4)
  A deep elf sorcerer (Elf:3)
  A deep elf knight (Elf:2)
  3 deep elf pyromancers
  2 wizards
  A redback (Spider:4)
  9 fire vortices
  763 foxfires
  29 fungi
  138 plants
  14 tentacles
  A withered plant (D:15)
963 creatures vanquished.

Grand Total: 3208 creatures vanquished

Notes
Turn   | Place    | Note
-------+----------+-------------------------------------------
     0 | D:1      | freelancePsychic the Demonspawn Fire Elementalist began the
                  | quest for the Orb.
     0 | D:1      | Reached XP level 1. HP: 13/13 MP: 3/3
   234 | D:1      | Gained mutation: A weak demonic guardian rushes to your
                  | aid. [demonic ancestry]
   234 | D:1      | Reached XP level 2. HP: 19/19 MP: 0/5
   976 | D:1      | Gained mutation: A demonic guardian rushes to your aid.
                  | [demonic ancestry]
   976 | D:1      | Reached XP level 3. HP: 24/24 MP: 3/6
  1774 | D:2      | Gained mutation: You are partially covered in thin metallic
                  | scales. (AC +2) [demonic ancestry]
  1774 | D:2      | Reached XP level 4. HP: 30/30 MP: 4/8
  2811 | D:2      | HP: 1/30 [gnoll (10)]
  3109 | D:1      | Learned a level 4 spell: Sticky Flame
  3343 | D:2      | Reached XP level 5. HP: 35/35 MP: 5/9
  3772 | D:2      | Found a faded altar of an unknown god.
  3838 | D:3      | Noticed Jessica
  3841 | D:3      | Killed Jessica
  4416 | D:3      | Reached XP level 6. HP: 41/41 MP: 2/10
  4473 | D:3      | Noticed Sigmund
  4480 | D:3      | Killed Sigmund
  5066 | D:3      | Found a runed translucent door.
  5067 | D:3      | Noticed Crazy Yiuf
  5169 | D:3      | Noticed Terence
  5179 | D:3      | Killed Terence
  5590 | D:4      | Noticed an orc warrior
  5597 | D:4      | Killed an orc warrior
  5598 | D:4      | Reached XP level 7. HP: 46/46 MP: 1/11
  5720 | D:4      | Reached skill level 1 in Fighting
  5720 | D:4      | Reached skill level 5 in Fire Magic
  6569 | D:4      | Found Igegha's Assorted Antiques.
  6587 | D:4      | Reached skill level 5 in Conjurations
  6590 | D:4      | Identified the ring "Ciqusist" {Fly rElec Will+ Int+6
                  | Slay+4}
  6866 | D:5      | Entered Level 5 of the Dungeon
  7133 | D:5      | Gained mutation: You have sharp fingernails. [demonic
                  | ancestry]
  7133 | D:5      | Reached XP level 8. HP: 44/56 MP: 3/12
  7253 | D:5      | Noticed Eustachio
  7272 | D:5      | Killed Eustachio
  7381 | D:5      | Reached skill level 5 in Poison Magic
  7496 | D:5      | Learned a level 3 spell: Ignite Poison
  7501 | D:5      | Learned a level 4 spell: Olgreb's Toxic Radiance
  7699 | D:5      | Found an opulent altar of Gozag.
  7699 | D:5      | Found an ornate altar of the Wu Jian Council.
  7964 | D:5      | Noticed Menkaure
  7968 | D:5      | Killed Menkaure
  8034 | D:5      | Reached skill level 5 in Spellcasting
  8319 | D:5      | Gained mutation: You have very sharp fingernails. [demonic
                  | ancestry]
  8319 | D:5      | Reached XP level 9. HP: 52/61 MP: 13/17
  8865 | D:4      | Found a sacrificial altar of Ru.
  9502 | D:6      | Reached skill level 1 in Transmutations
  9589 | D:6      | Found a bloodstained altar of Trog.
  9755 | D:7      | Found a staircase to the Ecumenical Temple.
  9768 | Temple   | Entered the Ecumenical Temple
  9905 | Temple   | Became a worshipper of Sif Muna the Loreminder
 10175 | D:7      | Noticed a two-headed ogre
 10182 | D:7      | Killed a two-headed ogre
 10183 | D:7      | Reached skill level 5 in Dodging
 10452 | D:7      | Reached skill level 5 in Invocations
 10882 | D:7      | Reached XP level 10. HP: 73/73 MP: 10/18
 11169 | D:8      | Reached skill level 5 in Fighting
 11305 | D:8      | Reached * piety under Sif Muna
 12909 | D:9      | Noticed a cyclops
 12913 | D:9      | Killed a cyclops
 13091 | D:9      | Noticed a two-headed ogre
 13281 | D:9      | Killed a two-headed ogre
 13282 | D:9      | Reached skill level 2 in Unarmed Combat
 13555 | D:9      | Reached XP level 11. HP: 81/81 MP: 9/21
 13811 | D:9      | Reached ** piety under Sif Muna
 13971 | D:9      | Reached skill level 3 in Unarmed Combat
 14099 | D:9      | Paralysed by a hornet for 1 turns
 14207 | D:10     | Entered Level 10 of the Dungeon
 14245 | D:10     | Found a broken altar of Ashenzari.
 14385 | D:10     | Found a staircase to the Lair.
 14434 | D:10     | Noticed Grum
 14439 | D:10     | Killed Grum
 14804 | D:10     | Identified the +2 cloak of the Forest {rN+ Regen+}
 14859 | D:10     | Found Xaurat's Assorted Antiques.
 14864 | D:10     | Reached skill level 1 in Shields
 14865 | D:10     | Reached skill level 4 in Unarmed Combat
 14990 | D:10     | Bought a scroll labelled PIPEADAPTU for 21 gold pieces
 15034 | D:10     | Noticed Fannar
 15042 | D:10     | Killed Fannar
 15521 | D:10     | Reached skill level 5 in Unarmed Combat
 15861 | D:10     | Reached *** piety under Sif Muna
 15967 | D:10     | Reached skill level 6 in Unarmed Combat
 16036 | D:10     | Noticed a centaur warrior
 16039 | D:10     | Noticed a red ugly thing
 16040 | D:10     | Killed a centaur warrior
 16448 | D:11     | Noticed Psyche
 16454 | D:11     | Killed Psyche
 16455 | D:11     | Reached skill level 7 in Unarmed Combat
 16650 | D:11     | Found Cheibriados's Comfort Zone.
 16655 | D:11     | Found a snail-covered altar of Cheibriados.
 16660 | D:11     | Found Wosoleba's Assorted Antiques.
 16671 | D:11     | Bought a scroll labelled VIODOM OLEEL for 37 gold pieces
 16671 | D:11     | Acquired the ring "Etunluuph" {Will+ rCorr Str+4 Stlth+}
 16706 | D:11     | Reached XP level 12. HP: 89/89 MP: 10/22
 16897 | D:11     | Reached skill level 8 in Unarmed Combat
 17474 | D:11     | Noticed a five-headed hydra
 17485 | D:11     | Killed a five-headed hydra
 17831 | D:12     | Noticed a two-headed ogre
 17838 | D:12     | Killed a two-headed ogre
 18597 | D:12     | Found a staircase to the Orcish Mines.
 18610 | D:12     | Reached **** piety under Sif Muna
 18621 | D:12     | Noticed a boulder beetle
 18686 | D:12     | Killed a boulder beetle
 18733 | Orc:1    | Entered Level 1 of the Orcish Mines
 19075 | Orc:1    | Found Ufrirur's CLEARANCE SALE! EVERYTHING MUST GO!.
 19082 | Orc:1    | Bought a scroll of blinking for 37 gold pieces
 19097 | Orc:1    | Noticed a two-headed ogre
 19101 | Orc:1    | Killed a two-headed ogre
 19481 | Orc:1    | Reached skill level 5 in Transmutations
 20190 | Orc:2    | Entered Level 2 of the Orcish Mines
 20191 | Orc:2    | Noticed Snorg
 20419 | Orc:2    | Killed Snorg
 20622 | Orc:2    | Noticed Josephine
 20706 | Orc:2    | Killed Josephine
 20906 | Orc:2    | Found a staircase to the Elven Halls.
 20907 | Orc:2    | Noticed an orc high priest
 20912 | Orc:2    | Killed an orc high priest
 20913 | Orc:2    | Gained mutation: Your demonic aura sometimes causes spilled
                  | blood to erupt in flames. [demonic ancestry]
 20913 | Orc:2    | Reached XP level 13. HP: 96/96 MP: 12/23
 20995 | Orc:2    | Reached ***** piety under Sif Muna
 21106 | Orc:2    | Noticed Nessos
 21108 | Orc:2    | Killed Nessos
 21211 | Orc:2    | Identified Sif Muna's Collected Works on the Escort and
                  | Combat Magic (Sif Muna gifted it to you on level 2 of the
                  | Orcish Mines)
 21211 | Orc:2    | Received a gift from Sif Muna
 21418 | Orc:1    | Learned a level 3 spell: Mephitic Cloud
 21582 | Orc:2    | Reached skill level 9 in Unarmed Combat
 22033 | Orc:2    | Found Fiel's Jewellery Emporium.
 22033 | Orc:2    | Found Nit Nofe's Book Shop.
 22251 | Orc:2    | Noticed Maurice
 22370 | Orc:2    | Killed Maurice
 22524 | Orc:2    | Found Exaitir's Jewellery Emporium.
 22524 | Orc:2    | Found Mywebbaf's Magic Scroll Shop.
 22812 | Orc:2    | Bought a book of Transfigurations for 825 gold pieces
 22991 | Orc:2    | Learned a level 6 spell: Statue Form
 23188 | Lair:1   | Entered Level 1 of the Lair of Beasts
 23278 | Lair:1   | Reached skill level 1 in Earth Magic
 23844 | Lair:2   | Found a staircase to the Shoals.
 23946 | Lair:2   | Identified Sif Muna's Tome of Damaging Curses (Sif Muna
                  | gifted it to you on level 2 of the Lair of Beasts)
 23946 | Lair:2   | Received a gift from Sif Muna
 24395 | Lair:2   | Found a hole to the Spider Nest.
 24853 | Lair:2   | Reached skill level 5 in Earth Magic
 25292 | Lair:2   | Found the +7 great mace "Undeadhunter" {disrupt, rN+}
 25535 | Lair:3   | Reached XP level 14. HP: 106/106 MP: 11/24
 25703 | Lair:3   | Reached skill level 10 in Transmutations
 26498 | Lair:4   | Identified Sif Muna's Grimoire of Earthen Necromancy (Sif
                  | Muna gifted it to you on level 4 of the Lair of Beasts)
 26498 | Lair:4   | Received a gift from Sif Muna
 27060 | Lair:4   | Reached skill level 10 in Unarmed Combat
 28351 | Lair:5   | Found a staircase to the Slime Pits.
 28603 | Lair:6   | Entered Level 6 of the Lair of Beasts
 28663 | Lair:6   | Found a dark tunnel.
 28695 | Lair:6   | Reached skill level 10 in Fighting
 28705 | Volcano  | Entered a volcano
 28772 | Volcano  | Reached skill level 5 in Shields
 28772 | Volcano  | Reached XP level 15. HP: 115/115 MP: 18/25
 28924 | Volcano  | Identified Sif Muna's Papyrus of Mutagenic Curses (Sif Muna
                  | gifted it to you in a volcano)
 28924 | Volcano  | Received a gift from Sif Muna
 29037 | Lair:6   | Reached skill level 11 in Unarmed Combat
 29305 | Lair:6   | Noticed Urug
 29315 | Lair:6   | Killed Urug
 30872 | D:13     | Found Xeluti's Book Shoppe.
 31133 | D:13     | Reached skill level 10 in Invocations
 31389 | D:13     | Identified Sif Muna's Disquisition on Congealing Stones
                  | (Sif Muna gifted it to you on level 13 of the Dungeon)
 31389 | D:13     | Received a gift from Sif Muna
 31642 | D:13     | Found a gate to the Vaults.
 32122 | D:14     | Noticed Roxanne
 32187 | D:14     | Gained mutation: A powerful demonic guardian rushes to your
                  | aid. [demonic ancestry]
 32187 | D:14     | Reached XP level 16. HP: 127/127 MP: 26/26
 32351 | D:14     | Gained mutation: Your magical capacity is low. (-10% MP)
                  | [mutagenic glow]
 33048 | D:15     | Entered Level 15 of the Dungeon
 33175 | D:15     | Received a gift from Sif Muna
 33188 | D:15     | Found a staircase to the Depths.
 33479 | D:15     | Found a sparkling altar of Nemelex Xobeh.
 34006 | Spider:1 | Entered Level 1 of the Spider Nest
 34024 | Spider:1 | Reached skill level 12 in Unarmed Combat
 35576 | Spider:2 | Reached skill level 10 in Shields
 35734 | Spider:2 | Identified Sif Muna's Compendium of Combat Magic (Sif Muna
                  | gifted it to you on level 2 of the Spider Nest)
 35734 | Spider:2 | Received a gift from Sif Muna
 36095 | Spider:2 | Gained mutation: You have claws for hands. [demonic
                  | ancestry]
 36095 | Spider:2 | Reached XP level 17. HP: 136/136 MP: 19/25
 37778 | Spider:4 | Entered Level 4 of the Spider Nest
 37914 | Spider:4 | Identified Cefiwuang's Handbook of Moulding and Cold (Sif
                  | Muna gifted it to you on level 4 of the Spider Nest)
 37914 | Spider:4 | Received a gift from Sif Muna
 37972 | Spider:4 | Learned a level 2 spell: Wereblood
 39130 | Spider:4 | Gained mutation: Your demonic aura often causes spilled
                  | blood to erupt in flames. [demonic ancestry]
 39130 | Spider:4 | Reached XP level 18. HP: 143/143 MP: 0/25
 39437 | Spider:4 | Identified Sif Muna's Early Guide to Thaumaturgy (Sif Muna
                  | gifted it to you on level 4 of the Spider Nest)
 39437 | Spider:4 | Received a gift from Sif Muna
 39666 | Spider:4 | Got a gossamer rune of Zot
 40144 | Vaults:1 | Entered Level 1 of the Vaults
 40638 | Vaults:1 | Reached skill level 15 in Shields
 40995 | Vaults:1 | Noticed Saint Roka
 40998 | Vaults:1 | Identified Qoageag's Guide on the Traveller and Snow (Sif
                  | Muna gifted it to you on level 1 of the Vaults)
 40998 | Vaults:1 | Received a gift from Sif Muna
 41007 | Vaults:1 | Killed Saint Roka
 41589 | Vaults:2 | Reached skill level 10 in Earth Magic
 41619 | Vaults:2 | Found Ahuac's Book Shoppe.
 41627 | Vaults:2 | Found Inlue's Magic Scroll Emporium.
 41719 | Vaults:2 | Identified the +1 leather armour of Impermeability {rF++
                  | Will+}
 41728 | Vaults:2 | Bought a scroll of enchant armour for 135 gold pieces
 41775 | Vaults:2 | Found Peire's Assorted Antiques.
 41795 | Vaults:2 | Reached XP level 19. HP: 149/149 MP: 5/26
 42648 | Vaults:2 | Received a gift from Sif Muna
 42907 | Vaults:2 | Reached skill level 13 in Unarmed Combat
 43147 | Vaults:3 | Found a staircase to the Crypt.
 43915 | Vaults:3 | Noticed Frederick
 43924 | Vaults:3 | Killed Frederick
 43993 | Vaults:3 | Found a portal to a secret trove of treasure.
 44208 | Vaults:3 | Reached skill level 14 in Unarmed Combat
 44807 | Vaults:3 | Gained mutation: You are mostly covered in thin metallic
                  | scales. (AC +3) [demonic ancestry]
 44807 | Vaults:3 | Reached XP level 20. HP: 135/156 MP: 27/27
 45051 | Vaults:4 | Identified Sif Muna's Handbook of Flying Sinister Rituals
                  | (Sif Muna gifted it to you on level 4 of the Vaults)
 45051 | Vaults:4 | Received a gift from Sif Muna
 45692 | Vaults:4 | Found Gevit's Armour Shoppe.
 46086 | Vaults:4 | Identified the ring of Iremeloda {rPois rF- rN++}
 46703 | Shoals:1 | Entered Level 1 of the Shoals
 46705 | Shoals:1 | Found a frozen archway.
 46721 | IceCv    | Entered an ice cave
 46954 | IceCv    | Found a viscous altar of Jiyva.
 47038 | IceCv    | Identified the amulet "Ykiliuc" {Reflect +Inv Dex+2 SH+5
                  | SInv}
 47065 | IceCv    | Got the ring "Kecuohom" {rPois rF++ rC+ Will- rCorr}
 47069 | IceCv    | Got the ring of Foaklian {rC+ Int+5 Dex+3}
 47337 | IceCv    | Identified Sif Muna's Volume of the Earthen Entourage (Sif
                  | Muna gifted it to you in an ice cave)
 47337 | IceCv    | Received a gift from Sif Muna
 47401 | Shoals:1 | Identified the +2 short sword "Daeth" {freeze, *Rage Will+
                  | Str+6 Dex+4}
 47806 | Shoals:1 | Found Riarosas's Jewellery Boutique.
 48055 | Shoals:1 | Noticed Aizul
 48065 | Shoals:1 | Killed Aizul
 48583 | Shoals:2 | Noticed Ilsuiw
 48601 | Shoals:2 | Killed Ilsuiw
 48604 | Shoals:2 | Gained mutation: You punish those that try to bend your
                  | will. (Will+) [demonic ancestry]
 48604 | Shoals:2 | Reached XP level 21. HP: 162/162 MP: 26/28
 49125 | Shoals:3 | Found Nacudgh's General Store.
 49179 | Shoals:3 | Bought a scroll of enchant armour for 97 gold pieces
 49271 | Shoals:3 | Identified Maagopp's Handbook of the Supportive Compass
                  | (Sif Muna gifted it to you on level 3 of the Shoals)
 49271 | Shoals:3 | Received a gift from Sif Muna
 49970 | Shoals:4 | Entered Level 4 of the Shoals
 49985 | Shoals:4 | Found a flickering gateway to a bazaar.
 50002 | Bazaar   | Entered a bazaar
 50033 | Bazaar   | Found Ubesep's General Store.
 50039 | Bazaar   | Bought a potion of haste for 110 gold pieces
 50047 | Bazaar   | Found Igroo's Book Shop.
 50051 | Bazaar   | Found Pucsofoy's Antique Weapon Boutique.
 50060 | Bazaar   | Found Gymeuluw's Weapon Emporium.
 50133 | Shoals:4 | Reached skill level 15 in Unarmed Combat
 50193 | Shoals:4 | Acquired 773 gold pieces
 50695 | Shoals:4 | Received a gift from Sif Muna
 50825 | Shoals:4 | Got a barnacled rune of Zot
 51188 | Shoals:4 | Upgraded the game from 0.27-a0-1347-gd8886f0a89 to
                  | 0.27-a0-1359-ga2a4dfd6fd
 51379 | Elf:1    | Entered Level 1 of the Elven Halls
 51409 | Elf:1    | Found Uliel's Magic Scroll Boutique.
 51446 | Elf:1    | Bought a scroll of enchant armour for 97 gold pieces
 51569 | Elf:1    | Found Oreheomu's Antique Weapon Shop.
 51572 | Elf:1    | Noticed Kirke
 51582 | Elf:1    | Killed Kirke
 51858 | Elf:1    | Found Unkabuc's Armour Boutique.
 51877 | Elf:1    | Found Atoaffec's Jewellery Shoppe.
 52169 | Elf:1    | Paralysed by an air elemental for 1 turns
 52172 | Elf:1    | Paralysed by an air elemental for 1 turns
 52220 | Elf:1    | Noticed Louise
 52226 | Elf:1    | Killed Louise
 52585 | Elf:2    | Found a runed translucent gate.
 52585 | Elf:2    | Found a runed translucent gate.
 52585 | Elf:2    | Found a runed translucent gate.
 52833 | Elf:2    | Reached skill level 16 in Unarmed Combat
 53225 | Elf:2    | Gained mutation: You are completely covered in thin
                  | metallic scales. (AC +4, rElec) [demonic ancestry]
 53225 | Elf:2    | Reached XP level 22. HP: 172/172 MP: 29/29
 53548 | Elf:3    | Entered Level 3 of the Elven Halls
 53685 | Elf:3    | Found an ancient bone altar of Kikubaaqudgha.
 53764 | Elf:3    | Found a flickering gateway to a bazaar.
 53769 | Bazaar   | Entered a bazaar
 53773 | Bazaar   | Found Hutwas's Assorted Antiques.
 53779 | Bazaar   | Bought a potion of heal wounds for 110 gold pieces
 53779 | Bazaar   | Bought a scroll of teleportation for 66 gold pieces
 53799 | Bazaar   | Found Zulur's Assorted Antiques.
 53804 | Bazaar   | Bought a potion of mutation for 200 gold pieces
 53804 | Bazaar   | Bought a potion of brilliance for 100 gold pieces
 53826 | Bazaar   | Found Ehedat's Book Boutique.
 53842 | Bazaar   | Found Efeud's Book Emporium.
 54213 | Elf:3    | Reached skill level 17 in Unarmed Combat
 54226 | Elf:3    | Reached skill level 15 in Invocations
 54406 | Elf:3    | Got the Tome of Creation
 54417 | Elf:3    | Identified the +6 falchion of Exquisite Death {vorpal,
                  | Int+5 SInv}
 54419 | Elf:3    | Identified the +4 hunting sling of Darkness {venom, rCorr}
 54420 | Elf:3    | Found the +2 Maxwell's thermic engine {flame, freeze}
 54421 | Elf:3    | Found the +5 robe of Night {Dark Will+ SInv}
 54433 | Elf:3    | Identified the +3 spear of Fixation {vorpal, +Blink Str+4
                  | Stlth+}
 54472 | Elf:3    | Identified the ring of Spontaneous Combustion {rF+ rC+}
 54817 | Depths:1 | Entered Level 1 of the Depths
 54856 | Depths:1 | Found Unwiam's Armour Shop.
 54926 | Depths:1 | Found Goned's Changing Room.
 55140 | Depths:1 | Identified the ring "Pifuf" {Fire rPois SInv}
 55143 | Depths:1 | Identified the amulet "Muroikody" {Spirit Drain rPois Will+
                  | Regen+}
 55212 | Depths:1 | Received a gift from Sif Muna
 55222 | Depths:1 | Reached skill level 10 in Dodging
 55224 | Depths:1 | Got Sif Muna's Incunabulum of the Hot Ocelot {god gift}
 55251 | Depths:1 | Found a gateway to a ziggurat.
 55274 | Depths:1 | Found a gateway to Hell.
 55650 | Depths:2 | Reached skill level 18 in Unarmed Combat
 56216 | Depths:2 | Reached skill level 15 in Fighting
 56217 | Depths:2 | Gained mutation: You are resistant to unholy torment.
                  | [demonic ancestry]
 56217 | Depths:2 | Reached XP level 23. HP: 181/181 MP: 29/30
 56493 | Depths:2 | Paralysed by an air elemental for 1 turns
 56552 | Depths:2 | Got Zoth's Grimoire of Weightlessness
 56555 | Depths:2 | Got the Grimoire of Snow
 57252 | Depths:3 | Found a hide-covered altar of Uskayaw.
 57570 | Depths:3 | Noticed Asterion
 57572 | Depths:3 | Noticed a caustic shrike
 57573 | Depths:3 | Noticed a caustic shrike
 57573 | Depths:3 | Noticed a caustic shrike
 57573 | Depths:3 | Noticed a caustic shrike
 57573 | Depths:3 | Noticed a caustic shrike
 57576 | Depths:3 | Killed Asterion
 57578 | Depths:3 | Killed a caustic shrike
 57721 | Depths:3 | Killed a caustic shrike
 57726 | Depths:3 | Killed a caustic shrike
 57731 | Depths:3 | Killed a caustic shrike
 57736 | Depths:3 | Killed a caustic shrike
 57737 | Depths:3 | Reached skill level 19 in Unarmed Combat
 57841 | Depths:3 | Found a one-way gate leading to the halls of Pandemonium.
 58452 | Depths:4 | Received a gift from Sif Muna
 58464 | Depths:4 | Got Sif Muna's Thaumaturgy in Simple Steps {god gift}
 58482 | Depths:4 | Found a one-way gate to the infinite horrors of the Abyss.
 58640 | Depths:4 | Identified the +6 ring mail of Jenno {Harm rN+ Dex-3}
 58731 | Depths:4 | Identified the ring "Lecs" {Fire Contam Fly rElec rCorr}
 58741 | Depths:4 | Identified the +8 trident of the Scroll {drain, Str+2
                  | Int+4}
 58866 | Depths:4 | Gained mutation: You can hurl damnation. [demonic ancestry]
 58866 | Depths:4 | Reached XP level 24. HP: 190/190 MP: 27/30
 59168 | Depths:4 | Reached skill level 20 in Unarmed Combat
 59495 | Depths:5 | Entered Level 5 of the Depths
 59594 | Depths:5 | Paralysed by a floating eye for 4 turns
 59741 | Depths:5 | Noticed an ancient lich
 59754 | Depths:5 | Killed an ancient lich
 59758 | Depths:5 | Found a gate to the Realm of Zot.
 59762 | Depths:5 | Found a runed translucent gate.
 59762 | Depths:5 | Found a runed translucent gate.
 59762 | Depths:5 | Found a runed translucent gate.
 59762 | Depths:5 | Noticed an ancient lich
 59766 | Depths:5 | Noticed an ancient lich
 59766 | Depths:5 | Noticed Caupobu's ghost (adept DDFi)
 59950 | Depths:5 | Reached skill level 21 in Unarmed Combat
 60075 | Depths:5 | Received a gift from Sif Muna
 60076 | Depths:5 | Got Sif Muna's Papyrus of Creative Transmigration {god
                  | gift}
 60464 | Depths:5 | Reached XP level 25. HP: 201/201 MP: 26/30
 61070 | Hell     | Entered the Vestibule of Hell
 61070 | Hell     | Noticed Geryon
 61079 | Hell     | Reached skill level 22 in Unarmed Combat
 61622 | Depths:5 | Received a gift from Sif Muna
 61623 | Depths:5 | Got Sif Muna's Compendium of Dark Rites and Combat Magic
                  | {god gift}
 62160 | Hell     | HP: 13/262 [ancient champion (12)]
 62161 | Hell     | Annihilated by a reaper

Illustrated notes

Levels and vault maps discovered:
D:1:      lightli_arrival_boilingwater, layout_rooms
D:2:      layout_loops_cross, shapermc_ecumenical_altar_mp_vishouse,
          grunt_ministairs_4, glass_columns_a, st_stairs_4
D:3:      layout_basic, minmay_misc_feat_iff, minmay_checkerbox, uniq_jessica,
          uniq_sigmund, uniq_terence, uniq_crazy_yiuf_cottage
D:4:      minmay_chambers_of_fours, layout_layer_cave,
          chequers_temple_overflow_statue_of_worship, serial_shops,
          nicolae_stop_n_shop_2, solitary_fountain
D:5:      lemuel_ratsnest, layout_gridville, gammafunk_temple_overflow_elements,
          minmay_crystal_water, uniq_menkaure, uniq_eustachio
D:6:      layout_cave_pools, lemuel_coloured_pillars_altar
D:7:      layout_basic, minmay_temple_entry_tees
D:8:      layout_cave_pools, minmay_misc_feat_tower
D:9:      minmay_s_stair_smasher, layout_basic, minmay_fire_ice_demons
D:10:     minmay_the_grid_octo_tiled_squarecenter
          [minmay_the_grid_octo_odd_swirl, minmay_the_grid_octo_concentric,
          minmay_the_grid_octo_fat_diamond,
          minmay_the_grid_octo_tetromino_candy,
          minmay_the_grid_square_5x5_megaprize_crossed,
          minmay_the_grid_square_5x5_meh, minmay_the_grid_square_5x5_percent,
          minmay_the_grid_square_5x5_pentomino_r,
          minmay_the_grid_square_5x5_empty], layout_long_grid,
          marbit_many_paths, lair_entry_dummy, serial_shops,
          nicolae_shop_crystal, water_maze_lemuel, uniq_grum, uniq_fannar
D:11:     layout_basic, serial_shops,
          nicolae_shop_temple_entry_statues_fountains, minmay_shop_chei,
          uniq_psyche
D:12:     layout_loops_ring, erik_orc_1
D:13:     layout_stronghold, grunt_vaults_entry_tiered, serial_shops,
          nicolae_shop_waterfront
D:14:     layout_roguey, minmay_misc_feat_tiny, minmay_evil_grid, uniq_roxanne
D:15:     gammafunk_depths_entry_grave, layout_rooms, serial_curves,
          eino_curves_02, eino_curves_04, nemelex_altar_shiori
Temple:   regret_index_temple_sphere_string
Lair:1:   layout_regular_city
Lair:2:   cheibrodos_lair_overgrown_chateau, layout_chaotic_city,
          shoals_dummy_entry, nicolae_spider_entry_tight_spaces,
          patterned_corridor
Lair:3:   layout_big_grid, st_stairs_4
Lair:4:   layout_regular_city
Lair:5:   layout_cave_pods, dpeg_slime_entry_corner,
          chequers_serial_rivers_large_b
Lair:6:   evilmike_catoblepas_cave, layout_gridlike,
          nicolae_volcano_entry_lava_flow, chequers_serial_rivers_room_a,
          kennysheep_rathole, uniq_urug
Shoals:1: layout_shoals, serial_shops, shop, portal_ice_cave_entry_pillars_2,
          uniq_aizul
Shoals:2: layout_shoals, uniq_ilsuiw
Shoals:3: layout_shoals, serial_shops, nicolae_shop_stone
Shoals:4: shoals_end_grunt_ice, layout_shoals, serial_shops, bzr_in_the_mist
Spider:1: layout_spider_delve, nicolae_spider_some_kinda_spiderbox,
          hangedman_spider_tarantella_strand
Spider:2: layout_spider_delve, nicolae_spider_undead_wolf_pack
Spider:3: nicolae_spider_hilbert_zone_2 [nicolae_spider_hilbert_4_sides_1_open,
          nicolae_spider_hilbert_4_sides_1_open,
          nicolae_spider_hilbert_4_sides_1_open,
          nicolae_spider_hilbert_4_sides_1_open,
          nicolae_spider_hilbert_6_sides_1_open,
          nicolae_spider_hilbert_6_sides_1_open,
          nicolae_spider_hilbert_3_sides_1_open,
          nicolae_spider_hilbert_3_sides_1_open,
          nicolae_spider_hilbert_3_sides_1_open,
          nicolae_spider_hilbert_3_sides_1_open,
          nicolae_spider_hilbert_6_sides_1_open,
          nicolae_spider_hilbert_6_sides_1_open,
          nicolae_spider_hilbert_6_sides_1_open,
          nicolae_spider_hilbert_6_sides_1_open]
Spider:4: spider_rune_water, worms_lemuel
Orc:1:    layout_caves, basic_altar, nicolae_shop_clearance
Orc:2:    st_orc_town, layout_caves, uniq_nessos, uniq_josephine, uniq_snorg,
          uniq_maurice
Elf:1:    layout_loops_cross, serial_shops, shop, nicolae_shop_statue_plus,
          shop, shop, minmay_elf_annihilation, uniq_kirke, uniq_louise
Elf:2:    layout_loops_cross
Elf:3:    elf_hall, layout_geoelf_grid, basic_altar, serial_shops,
          bzr_entry_water
Vaults:1: ontoclasm_vaults_hangar, nicolae_vaults_sealed_display,
          nicolae_vaults_yaktaur_gun_rack, vaults_room_pool,
          nicolae_vaults_little_squares_1, vaults_room_grid,
          vaults_mumra_minichess, v_misc_15, hangedman_vaults_maws,
          vaults_mumra_chevron_long, vaults_room_hallway,
          nicolae_vaults_asterisk, layout_vaults_omnicross, uniq_saint_roka
Vaults:2: vaults_standard_mumra_lines, ontoclasm_vaults_hangar, v_misc_2,
          hangedman_vaults_stretched_pinwheel, hangedman_vaults_locks,
          nicolae_vaults_little_squares_6, v_pattern_1, layout_vaults_big_room,
          serial_shops, nicolae_shop_overgrown_old_shop, shop_coins,
          nicolae_shop_trees
Vaults:3: minmay_crypt_entry_simple_sparse, nicolae_vaults_specimen_jars,
          st_lines, v_rooms_5, v_misc_2, v_rooms_5, ontoclasm_vaults_pinch,
          vaults_dpeg_encased_lava, vaults_room_semicircle,
          ontoclasm_vaults_loading_screen, layout_vaults_omnigrid,
          nicolae_trove_entry_free_sample, uniq_frederick
Vaults:4: nicolae_vaults_little_squares_4, nicolae_vaults_what_the_h,
          vaults_dpeg_ring, st_hourglassy, ontoclasm_vaults_spin, v_rooms_1,
          ontoclasm_vaults_gateway, v_misc_16, vaults_room_octagon,
          nicolae_vaults_ninety_degrees, nicolae_vaults_network_s,
          ontoclasm_vaults_ring_square, hangedman_vaults_hat,
          layout_vaults_omnibox, serial_shops, shop
Depths:1: layout_cave_pools, enter_ziggurat_e, hell_entry, minmay_misc_feat_chi,
          nicolae_transmutations_shop, minmay_tree_intersection,
          kennysheep_path_1, grunt_ministairs_6, nicolae_take_the_stairs,
          minmay_mirror_moons_of_madness
Depths:2: mu_elemental_laboratory, layout_cave_pools, grunt_hell_entry_dis_mu,
          minmay_crystal_room
Depths:3: minmay_glassy_protrusions, layout_gridlike, nicolae_uskayaw_suspiria,
          hell_entry, pan_entry, kennysheep_random_hallway,
          serial_bayou_shore_a, uniq_asterion
Depths:4: hangedman_six_sided_sadism, layout_gridlike, rand_demon_pan_entry_8,
          moated_statue, hell_entry, abyss_entry, item_on_display_a
Depths:5: lemuel_castle_with_subvaults [lemuel_castle_interior_carwin_2],
          layout_long_grid, special_room [special_room_morgue], hell_entry,
          gammafunk_ghost_necromancy
Hell

Skill      XL: |  1  2  3  4  5  6  7  8  9 10 11 12 13 14 15 16 17 18 19 20 21 22 23 24 25 |
---------------+----------------------------------------------------------------------------+-----
Fire Magic     | 3 4 5 |  5.3
Conjurations   | 2 3 4 5 |  5.0
Spellcasting   | 3 5 7 |  7.2
Dodging        | 2 3 5 6 7 8 9 10 12 | 12.9
Fighting       | 1 4 5 6 7 8 10 11 13 14 15 17 | 17.4
Poison Magic   | 2 6 |  6.0
Transmutations | 1 7 9 10 11 12 | 12.5
Invocations    | 5 9 11 12 14 15 | 15.2
Unarmed Combat | 2 7 8 9 10 11 12 14 16 18 19 21 22 | 22.2
Shields        | 4 5 8 10 13 16 17 19 | 19.2
Earth Magic    | 6 9 10 11 | 11.8
Stealth        | |  1.7

Action                   |  1- 3 |  4- 6 |  7- 9 | 10-12 | 13-15 | 16-18 | 19-21 | 22-24 | 25-27 || total
-------------------------+-------+-------+-------+-------+-------+-------+-------+-------+-------++-------
Melee: Unarmed           |    17 |    32 |       |   125 |   547 |   849 |  1059 |   971 |   189 ||  3789
       Broad axe         |       |     6 |   134 |    39 |       |       |       |       |       ||   179
       Punch             |       |       |       |     1 |       |       |       |       |       ||     1
 Cast: Foxfire           |    97 |   157 |   142 |    54 |       |       |       |       |       ||   450
       Olgreb's Toxic Ra |       |       |    10 |   134 |    86 |    47 |    12 |       |       ||   289
       Ignite Poison     |       |       |     7 |    76 |    54 |    24 |     7 |       |       ||   168
       Sticky Flame      |       |       |     1 |    21 |     2 |       |       |       |       ||    24
       Mephitic Cloud    |       |       |       |       |    10 |     2 |       |       |       ||    12
       Statue Form       |       |       |       |       |    49 |    75 |    95 |    61 |    19 ||   299
       Invisibility      |       |       |       |       |     1 |       |     2 |       |       ||     3
       Ignition          |       |       |       |       |       |     1 |     1 |     1 |       ||     3
       Wereblood         |       |       |       |       |       |    12 |     3 |     2 |     1 ||    18
       Fire Storm        |       |       |       |       |       |     1 |       |     1 |       ||     2
       Polar Vortex      |       |       |       |       |       |       |     1 |     1 |       ||     2
       Chain Lightning   |       |       |       |       |       |       |     1 |     1 |     1 ||     3
       Shatter           |       |       |       |       |       |       |       |     2 |       ||     2
       Dragon's Call     |       |       |       |       |       |       |       |       |     1 ||     1
Invok: Channel Magic     |       |       |       |     3 |     1 |       |       |       |       ||     4
       Divine Exegesis   |       |       |       |       |     1 |     2 |     5 |     6 |     2 ||    16
 Abil: End Transformatio |       |       |       |       |       |       |     1 |     1 |       ||     2
       Hurl Damnation    |       |       |       |       |       |       |       |     4 |     2 ||     6
Evoke: Wand              |       |       |       |       |       |       |     1 |       |       ||     1
  Use: Scroll            |       |     1 |     8 |     6 |     7 |     9 |    18 |     5 |     3 ||    57
       Potion            |       |       |       |       |     1 |     1 |     1 |     8 |     3 ||    14
 Stab: Sleeping          |       |     2 |     9 |     1 |     4 |     4 |     2 |     1 |       ||    23
       Distracted        |       |       |     1 |     1 |     2 |     3 |       |     4 |       ||    11
       Invisible         |       |       |       |       |     4 |       |    10 |     2 |       ||    16
Armor: Robe              |    13 |    18 |    55 |    87 |    54 |    21 |    23 |    10 |     7 ||   288
       Skin              |       |       |       |       |   260 |   846 |   424 |   368 |   409 ||  2307
Dodge: Dodged            |    40 |    39 |   144 |   265 |   468 |   968 |   528 |   409 |   463 ||  3324
Block: Buckler           |       |       |       |    23 |   344 |   842 |    36 |       |       ||  1245
       Reflection        |       |       |       |       |     9 |    27 |   114 |    16 |       ||   166
       Tower shield      |       |       |       |       |       |       |  1865 |  1312 |   654 ||  3831

Table legend: (Time is in decaauts)
 A = Elapsed time spent in this place.
 B = Non-inter-level travel time spent in this place.
 C = Inter-level travel time spent in this place.
 D = Time resting spent in this place.
 E = Time spent auto-exploring this place.
 F = Levels seen in this place.
 G = Mean time per level.
                   A        B        C        D        E       F      G
               +--------+--------+--------+--------+--------+-----+--------+
         Total |  69723 |  66372 |   3351 |   4545 |  48474 |  49 | 1422.9 |
       Dungeon |  24528 |  22753 |   1775 |   1708 |  17587 |  15 | 1635.2 |
        Temple |    316 |    259 |     57 |      0 |    252 |   1 |  316.0 |
          Lair |   7309 |   6905 |    404 |     57 |   5911 |   6 | 1218.2 |
        Shoals |   4519 |   4393 |    126 |      0 |   3312 |   4 | 1129.8 |
   Spider Nest |   7068 |   6796 |    272 |    100 |   5075 |   4 | 1767.0 |
  Orcish Mines |   3868 |   3741 |    127 |   1416 |   1571 |   2 | 1934.0 |
   Elven Halls |   3840 |   3635 |    205 |    107 |   2644 |   3 | 1280.0 |
        Vaults |   7810 |   7634 |    176 |      3 |   5999 |   4 | 1952.5 |
        Depths |   8842 |   8635 |    207 |   1069 |   5384 |   5 | 1768.4 |
          Hell |    142 |    142 |      0 |      0 |      0 |   1 |  142.0 |
        Bazaar |    229 |    229 |      0 |      0 |    212 |   2 |  114.5 |
      Ice Cave |    887 |    887 |      0 |     19 |    467 |   1 |  887.0 |
       Volcano |    360 |    360 |      0 |     65 |     57 |   1 |  360.0 |
               +--------+--------+--------+--------+--------+-----+--------+

Top non-repeatable levels by time:
Depths:5: 3077 daAuts
    D:10: 2752 daAuts
   Orc:1: 2564 daAuts
Spider:4: 2503 daAuts
Vaults:3: 2376 daAuts
    D:12: 2067 daAuts
     D:9: 2036 daAuts
     D:1: 2036 daAuts
     D:4: 1988 daAuts
Vaults:4: 1902 daAuts
Vaults:2: 1860 daAuts
     D:2: 1811 daAuts
Depths:4: 1811 daAuts
    D:13: 1755 daAuts
     D:3: 1716 daAuts
